 Dungeon Crawl Stone Soup version 0.28.0-45-g0d030f2227 (webtiles) character file.

Game seed: 12192518738134113526

64 jacek the Skirmisher (level 3, 0/34 HPs)
             Began as a Deep Dwarf Cinder Acolyte on May 21, 2022.
             Was an Elder of Ignis.
             Killed by divine providence
             ... invoked by an orc priest
              (12 damage)
             ... on level 2 of the Dungeon.
             The game lasted 00:02:28 (679 turns).

jacek the Skirmisher (Deep Dwarf Cinder Acolyte)     Turns: 679, Time: 00:02:29

Health: 0/34       AC: 13    Str: 19    XL:     3   Next: 91%
Magic:  4/4        EV: 10    Int: 14    God:    Ignis [****..]
Gold:   8          SH:  0    Dex:  8    Spells: 4/4 levels left

rFire   + . .      SeeInvis .   a - -1 spear (flame)
rCold   . . .      Faith    .   (no shield)
rNeg    . . .      Spirit   .   e - +0 ring mail
rPois   .          Reflect  .   (no helmet)
rElec   .          Harm     .   (no cloak)
rCorr   .          Rampage  .   (no gloves)
Will    .....                   k - +0 pair of boots
Stlth   ..........              (no amulet)
HPRegen 0.00/turn               (no ring)
MPRegen 0.09/turn               (no ring)

@: fiery-armoured
A: damage resistance, heal wounds, sense surroundings 1, no regeneration
a: Heal Wounds, Renounce Religion, Fiery Armour, Foxfire Swarm, Rising Flame


You were on level 2 of the Dungeon.
You worshipped Ignis.
Ignis was greatly pleased with you.
You visited 1 branch of the dungeon, and saw 2 of its levels.

You collected 8 gold pieces.

Inventory:

Hand Weapons
 a - a -1 spear of flaming (weapon)
Armour
 e - a +0 ring mail (worn)
 k - a +0 pair of boots (worn)
Scrolls
 d - a scroll of silence {unknown}
 f - a scroll of blinking {unknown}
 g - a scroll of identify {unknown}
 h - 2 scrolls of magic mapping {unknown}
Potions
 b - a potion of might {unknown}
 c - a potion of brilliance {unknown}
 j - 2 potions of heal wounds {unknown}


   Skills:
 + Level 3.5 Fighting
 - Level 3.0 Polearms
 + Level 2.5 Armour
 - Level 1.0 Spellcasting
 - Level 2.6 Fire Magic


You had 4 spell levels left.
You didn't know any spells.
Your spell library contained the following spells:

 Spells                   Type           Power      Damage    Failure   Level
 Scorch                   Fire           16%        2d5       22%         2


Dungeon Overview and Level Annotations

Branches:
Dungeon (2/15)

Altars:
Elyvilon


Innate Abilities, Weirdness & Mutations

You are resistant to damage.
You can heal yourself by infusing magical energy.
You passively map a small area around you.
You do not regenerate.


Message History

You see here 5 atropa-tipped darts.
Your fiery armour burns out.
A bat comes into view.
A kobold comes into view. It is wielding a +0 dagger.
You reach to attack!
The kobold shouts!
You hit the bat. You burn the bat.
You kill the bat!
You hear a shout! x3
An orc wizard comes into view. It is wielding a +0 dagger.
The orc wizard shouts!
An orc priest comes into view. It is wielding a +0 whip.
The orc wizard moves out of view.
You reach to attack!
You closely miss the kobold.
The orc priest shouts!
You hear a shout!
An orc comes into view. It is wielding a +0 club.
You hit the kobold. You burn the kobold.
You kill the kobold!
An orc wizard comes into view. It is wielding a +0 dagger.
An orc comes into view. It is wielding a +0 short sword.
An orc priest and a quokka come into view.
The orc priest shouts!
Things that are here:
a +0 dagger; 6 gold pieces; a kobold corpse You hit the orc priest.
You burn the orc priest.
The orc priest is heavily wounded.
The orc priest mumbles some strange prayers to Beogh against you.
Beogh smites you!
An orc wizard comes into view. It is wielding a +0 dagger.
The orc wizard gestures wildly while chanting.
The orc wizard flickers and vanishes!
Deactivating autopickup; reactivate with Ctrl-A.
The orc priest hits you with a +0 whip.
A protective cloak of flame settles atop you.
You hit the orc priest but do no damage.
The orc priest is heavily wounded.
The orc priest misses you.
The orc priest calls down the wrath of Beogh upon you.
Beogh smites you!
You die...

, , #.#.# , , #.#.#
o , #...# ..,,
#.#.#### ..o,
#......# * ....
#...##.#
...oo#..r##.########
...oo...oo@........#
..####).##.#.####.#
* ** #..##.#.# #.#
#.....#.# #.###
#..####.# #...# * **
#..# #.######.# ,
....# #....# #.# ,
...#*###...*
####.###.###### ,
*#.># #....
#...(.........


You could see 2 orc priests, 2 orc wizards, 2 orcs and a quokka.

Vanquished Creatures
  2 adders (D:2)
  2 dart slugs (D:1)
  3 ball pythons
  3 endoplasms
  3 giant cockroaches
  2 goblins
  5 hobgoblins (D:1)
  4 jackals (D:2)
  3 quokkas
  2 bats
  3 frilled lizards
  3 kobolds
  A rat (D:1)
36 creatures vanquished.

Vanquished Creatures (others)
  A plant (D:1)
1 creature vanquished.

Grand Total: 37 creatures vanquished

Notes
Turn   | Place    | Note
-------+----------+-------------------------------------------
     0 | D:1      | jacek the Deep Dwarf Cinder Acolyte began the quest for the
                  | Orb.
     0 | D:1      | Reached XP level 1. HP: 20/20 MP: 2/2
    68 | D:1      | Reached skill level 1 in Armour
    68 | D:1      | Reached XP level 2. HP: 22/27 MP: 3/3
   141 | D:1      | Found a faded altar of an unknown god.
   507 | D:2      | Reached XP level 3. HP: 26/34 MP: 4/4
   535 | D:2      | Found a white marble altar of Elyvilon.
   679 | D:2      | Killed from afar by an orc priest

Illustrated notes

Levels and vault maps discovered:
D:1:      saegor_arrival_simple_c, layout_rooms,
          hellmonk_ecumenical_altar_pennies_from_heaven, serial_bayou_pond_d,
          amcnicky_mini_rare_corridor_liquid, fountainhead,
          grunt_decor_mini_mirrors
D:2:      cheibrodos_pilgrimage, layout_loops_ring, basic_altar

Skill      XL: |  1  2  3 |
---------------+----------+-----
Armour         | 1 2 |  2.5
Fighting       | 3 |  3.5
Polearms       | 3 |  3.0
Spellcasting   | |  1.0
Fire Magic     | |  2.6

Action                   || total
-------------------------++-------
Melee: Spear             ||    92
       Punch             ||     2
Invok: Fiery Armour      ||     4
Armor: Ring mail         ||    26
Dodge: Dodged            ||    40
